 Dungeon Crawl Stone Soup version 0.21.1-1-g345015f (webtiles) character file.

4155 Goblin1989 the Martial Artist (level 10, -1/94 HPs)
             Began as a Demonspawn Transmuter on Apr 2, 2018.
             Was a Believer of Wu Jian.
             Slain by a wolf (5 damage)
             ... led by Grum
             ... on level 9 of the Dungeon on Apr 3, 2018.
             The game lasted 00:26:12 (12920 turns).

Goblin1989 the Martial Artist (DsTm)               Turns: 12920, Time: 00:26:15

Health: -1/94      AC:  6    Str: 13    XL:     10   Next: 7%
Magic:  10/13      EV: 12    Int: 15    God:    Wu Jian [**....]
Gold:   428        SH:  0    Dex: 14    Spells: 3/13 levels left

rFire    x . .     SeeInvis .     - Unarmed
rCold    + + +     Gourm    .   (shield currently unavailable)
rNeg     . . .     Faith    .   (armour currently unavailable)
rPois    +         Spirit   .   (helmet unavailable)
rElec    .         Reflect  .   (cloak currently unavailable)
rCorr    .         Harm     .   (gloves currently unavailable)
MR       .....                  (boots currently unavailable)
Stlth    +.........             (no amulet)
HPRegen  0.25/turn              (no ring)
MPRegen  0.13/turn              (no ring)

@: ice-form
A: large, rugged brown scales 2
a: End Transformation, Wall Jump, Renounce Religion


You were on level 9 of the Dungeon.
You worshipped Wu Jian.
Wu Jian was pleased with you.
You were not hungry.
You were a creature of crystalline ice.
You visited 2 branches of the dungeon, and saw 10 of its levels.

You collected 428 gold pieces.

Inventory:

Hand Weapons
 r - a +0 hunting sling
 w - a +0 blowgun {@w1}
 G - a +0 blowgun {@w1}
 O - a +0 great mace of crushing
 Y - a +3 flail of pain
Missiles
 a - 102 arrows
 h - 370 stones (quivered) {@Q3}
 i - 99 bolts
 A - 98 sling bullets
 F - 100 poisoned needles
 V - 4 tomahawks of dispersal
 W - 5 curare-tipped needles
 Z - a throwing net {!d , @Q1}
Armour
 x - a cursed +0 pair of boots
 B - a cursed +0 robe (melded)
 D - a cursed +0 ring mail
 M - a +1 pair of gloves
Wands
 I - a wand of iceblast (8)
 K - a wand of disintegration (22)
 N - a wand of scattershot (7)
 S - a wand of flame (32)
 U - a wand of digging (10)
Scrolls
 g - 3 scrolls of blinking {unknown}
 k - 2 scrolls of fear {unknown}
 l - 4 scrolls of remove curse {unknown}
 u - a scroll of fog {unknown}
 y - 4 scrolls of enchant armour {unknown}
 C - 3 scrolls of enchant weapon {unknown}
 H - 2 scrolls of magic mapping {unknown}
 L - a scroll of random uselessness {unknown}
 R - a scroll of identify {@r1}
 T - 5 scrolls of teleportation {!r, @r3}
Potions
 f - 3 potions of agility {unknown}
 m - a potion of flight
 n - 2 potions of brilliance
 o - 2 potions of haste {unknown}
 p - 3 potions of heal wounds {unknown}
 q - 2 potions of invisibility {unknown}
 s - 5 potions of curing {unknown}
 v - 2 potions of might {unknown}
 E - a potion of mutation {unknown}
 J - a potion of experience {unknown}
 P - a potion of cancellation {unknown}
 Q - a potion of magic
 X - a potion of resistance
Books
 c - a book of Changes

   Spells                             Type                      Level
   a - Beastly Appendage              Transmutation                1
   b - Sticks to Snakes               Transmutation                2
   c - Spider Form                    Transmutation/Poison         3
   d - Ice Form                       Ice/Transmutation            4
   e - Blade Hands                    Transmutation                5
Comestibles
 e - 14 rations


   Skills:
 + Level 6.1 Fighting
 + Level 4.6 Dodging
 * Level 8.0 Unarmed Combat
 - Level 2.0 Spellcasting
 - Level 6.1 Transmutations
 * Level 5.9 Ice Magic


You had 3 spell levels left.
You knew the following spells:

 Your Spells              Type           Power        Failure   Level  Hunger
a - Beastly Appendage     Tmut           ###...       1%          1    #......
b - Sticks to Snakes      Tmut           ###.....     2%          2    ###....
c - Spider Form           Tmut/Pois      ##........   19%         3    ###....
d - Ice Form              Ice/Tmut       ###.....     19%         4    #####..


Dungeon Overview and Level Annotations

Branches:
Dungeon (9/15)             Temple (1/1) D:5
   Lair: D:8-11         Orc: D:9-12

Altars:
Ashenzari
Cheibriados
Dithmenos
Elyvilon
Fedhas
Gozag
Hepliaklqana
Kikubaaqudgha
Makhleb
Nemelex Xobeh
Okawaru
Qazlal
Ru
Sif Muna
Trog
Vehumet
Wu Jian
Xom
Yredelemnul
Zin
The Shining One

Annotations:
D:3 exclusion: Sigmund, Sigmund
D:7 Dowan, Duvessa
D:9 Grum


Innate Abilities, Weirdness & Mutations

((You have a pair of large horns on your head.))
(You are mostly covered in rugged brown scales. (AC +2, +5% HP))


Message History

Unknown command.
You now have 428 gold pieces (gained 13).
You open the door.
There is an open door here.
Eating one of 9 chunks of flesh.
You eat one of the 9 chunks of flesh.
This raw flesh tastes terrible.
You open the door.
There is an open door here.
You open the door.
There is an open door here.
There is an open door here.
Some of the chunks of flesh in your inventory have rotted away.
The wolf is too close now for your liking.
A wolf is nearby!
A wolf is nearby!
Marking area around Grum as unsafe for travelling. 2 wolves and Grum come into view.
Grum is wielding a spear of venom.
The wolf howls! x2; You hear a howl!
A wolf comes into view.
Casting: Ice Form
Confirm with . or Enter, or press ? or * to list all spells.
You turn into a creature of crystalline ice.
Your cursed +0 robe melds into your body.
The wolf bites you but does no damage.
You now have 94/94 hp.
Unknown command.
You hit the wolf. You freeze the wolf.
The wolf is lightly wounded.
The wolf misses you. The wolf bites you!
You take 8 damage, and have 86/94 hp.
You punch the wolf! You freeze the wolf!
You kill the wolf!
The Council accepts your kill.
Grum growls, "You look like good eating."
You punch the wolf! You freeze the wolf.
The wolf is almost dead.
The wolf misses you. The wolf closely misses you.
You pummel the wolf!! You freeze the wolf.
You kill the wolf!
The Council accepts your kill.
Grum hits you from afar with a spear of venom!
You take 15 damage, and have 71/94 hp.
You pummel the wolf!! You freeze the wolf.
The wolf is severely wounded.
The wolf bites you but does no damage. The wolf bites you.
You take 6 damage, and have 65/94 hp.
You miss the wolf.
The wolf is severely wounded.
The wolf bites you! Grum misses you.
You take 8 damage, and have 57/94 hp.
You hit the wolf. You freeze the wolf.
The wolf is almost dead.
The wolf bites you!
Grum hits you from afar with a spear of venom!
* * * LOW HITPOINT WARNING * * *
The wolf bites you but does no damage.
You are too injured to fight recklessly!
You take 23 damage, and have 34/94 hp.
MASSIVE DAMAGE!!
You are too injured to fight recklessly!
You are too injured to fight recklessly!
You are too injured to fight recklessly!
You are too injured to fight recklessly!
You are too injured to fight recklessly!
You are too injured to fight recklessly!
You are too injured to fight recklessly!
You are too injured to fight recklessly!
You are too injured to fight recklessly!
You are too injured to fight recklessly!
You are too injured to fight recklessly!
You are too injured to fight recklessly!
You are too injured to fight recklessly!
You are too injured to fight recklessly!
You are too injured to fight recklessly!
You are too injured to fight recklessly!
You are too injured to fight recklessly!
You are too injured to fight recklessly!
You are too injured to fight recklessly!
You are too injured to fight recklessly!
You are too injured to fight recklessly!
You are too injured to fight recklessly!
You are too injured to fight recklessly!
You punch the wolf! You freeze the wolf.
You kill the wolf!
The Council accepts your kill. The wolf bites you!
* * * LOW HITPOINT WARNING * * *
You take 11 damage, and have 24/94 hp.
You hit the wolf. You freeze the wolf.
The wolf is moderately wounded.
The wolf bites you but does no damage. Grum barely misses you.
All of the chunks of flesh in your inventory have rotted away.
You hit the wolf. You freeze the wolf.
The wolf is severely wounded.
The wolf bites you.
* * * LOW HITPOINT WARNING * * *
Grum hits you from afar with a spear of venom!!
* * * LOW HITPOINT WARNING * * *
The wolf bites you.
You die... .█ .█ ██ .█ ██ .█████. .█ ....... █████

.█ ....... █...█ ██ .......
█...█ ██ ████████g......
██..█ .█
█......h████████████∆███ .█
█......Y∆.....∆......█.. .█
█.......█.....█......█.. .█
█.......█....██████..██. ██
█.......█∆█████..██..██. █
█.......█...............
█.......█...............
█.......█...........[...
█████.......█...............
█...........█...............


You could see Grum and a wolf.

Vanquished Creatures
  Joseph (D:8)
  Grinder (D:5)
  A hornet (D:9)
  Prince Ribbit (D:7)
  A hippogriff (D:7)
  Menkaure (D:7)
  Edmund (D:5)
  An ice beast (D:8)
  A black bear (D:9)
  4 ogres
  A sky beast (D:9)
  3 wolves (D:9)
  2 phantoms
  A big kobold (D:7)
  Blork the orc (D:5)
  3 bullfrogs
  A gnoll sergeant (D:5)
  A wyvern skeleton (D:9)
  A scorpion (D:6)
  4 killer bees (D:9)
  A howler monkey (D:5)
  A centaur zombie (D:5)
  3 crimson imps
  3 bullfrog zombies
  2 hounds
  3 orc priests
  A gnoll shaman (D:4)
  6 orc wizards
  A bullfrog skeleton (D:9)
  3 worker ants
  A killer bee zombie (D:9)
  2 hound skeletons
  A howler monkey zombie (D:6)
  11 gnolls
  13 adders
  A howler monkey skeleton (D:7)
  A shadow imp (D:9)
  2 adder skeletons (D:5)
  5 worms
  2 dart slugs
  4 leopard geckos
  19 orcs
  8 giant cockroaches
  6 goblins
  6 hobgoblins
  10 jackals
  14 kobolds
  7 quokkas
  4 ball pythons
  8 bats
  2 frilled lizards
  2 jackal skeletons
  A leopard gecko skeleton (D:6)
  4 rats
189 creatures vanquished.

Notes
Turn   | Place    | Note
-------+----------+-------------------------------------------
     0 | D:1      | Goblin1989 the Demonspawn Transmuter began the quest for the Orb.
     0 | D:1      | Reached XP level 1. HP: 15/15 MP: 3/3
     3 | D:1      | Noticed an electric eel
     3 | D:1      | Noticed an electric eel
   488 | D:1      | Gained mutation: You have a pair of small horns on your head. [demonic ancestry]
   488 | D:1      | Reached XP level 2. HP: 20/21 MP: 5/5
   497 | D:1      | Learned a level 2 spell: Sticks to Snakes
  1632 | D:2      | Reached XP level 3. HP: 8/26 MP: 3/6
  1924 | D:2      | Learned a level 3 spell: Spider Form
  2191 | D:2      | Reached XP level 4. HP: 23/32 MP: 2/7
  2875 | D:2      | Reached skill level 3 in Unarmed Combat
  4269 | D:3      | Noticed Sigmund
  4684 | D:4      | Reached XP level 5. HP: 28/37 MP: 4/8
  4845 | D:4      | Reached skill level 4 in Unarmed Combat
  5549 | D:5      | Entered Level 5 of the Dungeon
  5584 | D:5      | Noticed Blork the orc
  5599 | D:5      | Killed Blork the orc
  5599 | D:5      | Gained mutation: You are partially covered in rugged brown scales. (AC +1, +3% HP) [demonic ancestry]
  5599 | D:5      | Reached XP level 6. HP: 18/45 MP: 3/9
  6301 | D:5      | Noticed Grinder
  6306 | D:5      | Paralysed by Grinder for 7 turns
  6334 | D:5      | Killed Grinder
  6334 | D:5      | Reached skill level 5 in Unarmed Combat
  6334 | D:5      | Gained mutation: You are mostly covered in rugged brown scales. (AC +2, +5% HP) [demonic ancestry]
  6334 | D:5      | Reached XP level 7. HP: 3/54 MP: 0/10
  6614 | D:5      | Noticed Edmund
  6628 | D:5      | Killed Edmund
  6978 | D:5      | Reached skill level 6 in Unarmed Combat
  7317 | D:5      | Gained mutation: You have a pair of horns on your head. [demonic ancestry]
  7317 | D:5      | Reached XP level 8. HP: 57/63 MP: 8/11
  7396 | D:5      | Found a staircase to the Ecumenical Temple.
  7421 | Temple   | Entered the Ecumenical Temple
  7565 | Temple   | Became a worshipper of the Wu Jian Council
  7610 | D:5      | Learned a level 4 spell: Ice Form
  8176 | D:6      | Reached skill level 1 in Ice Magic
  8791 | D:5      | Reached skill level 5 in Transmutations
  9267 | D:7      | Noticed Prince Ribbit
  9277 | D:7      | Killed Prince Ribbit
  9326 | D:7      | Noticed Duvessa
  9326 | D:7      | Noticed Dowan
  9376 | D:7      | Reached * piety under Wu Jian
  9397 | D:7      | Noticed Menkaure
  9457 | D:7      | Gained mutation: You have a pair of large horns on your head. [demonic ancestry]
  9457 | D:7      | Reached XP level 9. HP: 64/70 MP: 12/12
  9627 | D:7      | Killed Menkaure
  9876 | D:7      | Reached skill level 7 in Unarmed Combat
  9993 | D:7      | Got a pitted chain mail
 10130 | D:7      | Reached skill level 5 in Fighting
 10336 | D:7      | Found a stormy altar of Qazlal.
 10337 | D:7      | Found a deep blue altar of Sif Muna.
 10339 | D:7      | Found a white marble altar of Elyvilon.
 10740 | D:8      | Noticed Joseph
 10754 | D:8      | Killed Joseph
 11538 | D:8      | Reached skill level 5 in Ice Magic
 11816 | D:8      | Identified the +1 chain mail "Citooc" {*Contam +Fly SInv} (You found it on level 7 of the Dungeon)
 12070 | D:9      | Reached ** piety under Wu Jian
 12670 | D:9      | Reached XP level 10. HP: 79/79 MP: 13/13
 12840 | D:9      | Reached skill level 8 in Unarmed Combat
 12908 | D:9      | Noticed Grum
 12920 | D:9      | HP: 4/94 [Grum/spear of venom (19)]
 12920 | D:9      | Slain by a wolf

Skill      XL: |  1  2  3  4  5  6  7  8  9 10 |
---------------+-------------------------------+-----
Transmutations | 2 3 5 6 |  6.1
Unarmed Combat | 3 4 5 6 7 8 |  8.0
Dodging        | 2 3 4 |  4.6
Fighting       | 2 3 4 6 |  6.1
Ice Magic      | 3 5 |  5.9
Spellcasting   | |  2.0

Action                   |  1- 3 |  4- 6 |  7- 9 | 10-12 || total
-------------------------+-------+-------+-------+-------++-------
Melee: Unarmed           |   138 |   192 |   399 |    19 ||   748
       Headbutt          |    11 |    10 |    39 |     1 ||    61
       Kick              |     1 |       |       |       ||     1
       Punch             |       |     2 |     4 |       ||     6
 Cast: Beastly Appendage |     3 |       |       |       ||     3
       Spider Form       |     3 |    13 |    22 |       ||    38
       Sticks to Snakes  |       |       |     2 |       ||     2
       Ice Form          |       |       |     5 |     1 ||     6
Invok: Lunge             |       |       |    20 |       ||    20
       Whirlwind         |       |       |    11 |       ||    11
       Wall Jump         |       |       |     1 |       ||     1
  Use: Scroll            |       |       |     6 |       ||     6
 Stab: Sleeping          |     1 |     1 |     7 |       ||     9
  Eat: Chunk             |     4 |    13 |    21 |     1 ||    39
       Ration            |       |     1 |     1 |       ||     2
Armor: Robe              |    29 |    26 |    30 |     1 ||    86
       Skin              |       |     3 |     6 |     4 ||    13
Dodge: Dodged            |   109 |   136 |   275 |    12 ||   532

Vault maps used:
D:1:      arrival_aquarium_b, hex_medium
D:2:      minmay_hexomino_p4
D:3:      kennysheep_goblin_castle, overflow_temple_1_default, uniq_sigmund,
          uniq_ijyb
D:4:      first_ration
D:5:      minmay_temple_entry_glass, uniq_edmund, uniq_blork_the_orc,
          uniq_grinder
D:7:      grunt_temple_overflow_open, uniq_duvessa, uniq_menkaure,
          uniq_prince_ribbit1
D:8:      uniq_joseph
D:9:      uniq_grum
Temple:   hc_temple_tempest_star
